 Dungeon Crawl Stone Soup version 0.26.0-10-g1f06aea511 (webtiles) character file.

Game seed: 7497934695089977639

143 Arthanis the Firebug (level 5, -1/28 HPs)
             Began as a Deep Elf Fire Elementalist on Jan 18, 2021.
             Slain by a white imp (3 damage)
             ... on level 5 of the Dungeon.
             The game lasted 00:03:30 (2670 turns).

Arthanis the Firebug (Deep Elf Fire Elementalist)   Turns: 2670, Time: 00:03:30

Health: -1/28      AC:  4    Str:  5    XL:     5   Next: 4%
Magic:  0/13       EV: 17    Int: 21    God:
Gold:   31         SH:  0    Dex: 15    Spells: 4/12 levels left

rFire    . . .     SeeInvis .   n - +2 whip (pain)
rCold    . . .     Faith    .   (no shield)
rNeg     . . .     Spirit   .   a - +0 robe
rPois    .         Reflect  .   q - +0 helmet
rElec    .         Harm     .   (no cloak)
rCorr    .         Rampage  .   (no gloves)
Will     .....                  h - +0 pair of boots
Stlth    ++........             (no amulet)
HPRegen  0.09/turn              p - +4 ring of evasion
MPRegen  0.13/turn              (no ring)

@: no status effects
A: no striking features
a: no special abilities


You were on level 5 of the Dungeon.
You visited 1 branch of the dungeon, and saw 5 of its levels.

You collected 31 gold pieces.

Inventory:

Hand Weapons
 i - a +0 spear
 n - a +2 whip of pain (weapon)
Armour
 a - a +0 robe (worn)
 h - a +0 pair of boots (worn)
 q - a +0 helmet (worn)
Jewellery
 p - a +4 ring of evasion (left hand)
Scrolls
 b - 2 scrolls of teleportation {unknown}
 d - 3 scrolls of remove curse {unknown}
 e - a scroll of noise {unknown}
 f - 2 scrolls of blinking {unknown}
 g - a scroll of identify {unknown}
 o - a scroll of fog {unknown}
Potions
 c - 2 potions of curing {unknown}
 j - a potion of invisibility {unknown}
 k - a potion of lignification {unknown}
 l - a potion of cancellation
 m - a potion of heal wounds {unknown}
 r - a potion of haste {unknown}


   Skills:
 - Level 2.4 Dodging
 - Level 2.4 Stealth
 + Level 4.3 Spellcasting
 + Level 2.8 Conjurations
 * Level 5.0 Fire Magic


You had 4 spell levels left.
You knew the following spells:

 Your Spells              Type           Power        Failure   Level
a - Foxfire               Conj/Fire      84%          2%          1
b - Conjure Flame         Conj/Fire      21%          7%          3
c - Sticky Flame          Conj/Fire      21%          22%         4

Your spell library contained the following spells:

 Spells                   Type           Power        Failure   Level
 Inner Flame              Hex/Fire       15%          12%         3
 Fireball                 Conj/Fire      10%          54%         5


Dungeon Overview and Level Annotations

Branches:
Dungeon (6/15)
 Temple: D:4-7

Altars:
Cheibriados

Annotations:
D:2 Sigmund


Message History

Your foxfire dissipates!
The foxfire hits the quokka.
The quokka is almost dead.
The white imp gestures at you. The puff of frost misses you.
The hound misses you.
Casting: Foxfire (safe; 2% risk of failure)
Confirm with . or Enter, or press ? or * to list all spells.
You conjure some foxfire!
The quokka bites you but does no damage.
The hound closely misses you.
A centaur comes into view.
The foxfire hits the quokka.
You kill the quokka!
The foxfire hits the white imp.
The white imp is severely wounded.
The hound bites you.
* * * LOW HITPOINT WARNING * * *
It was a potion of cancellation.
You feel magically purged. The hound misses you. The white imp hits you.
You die...

.... #.....
##### ......
c...# #....
....#
.#...##.... ...#
.....#....###..#
..........5@..#
#$........hr..#
##.r#####...####
#...####....#
#...##..####
#.>..#.##
##.5...# ###..##
####


You could see a centaur (asleep), a hound, a white imp and a quokka.

Vanquished Creatures
  A centaur zombie (D:6)
  Natasha (D:3)
  A hound zombie (D:6)
  2 adders
  A worm (D:3)
  A dart slug (D:1)
  7 bats
  5 giant cockroaches
  6 goblins
  4 hobgoblins
  2 jackals (D:3)
  2 quokkas
  4 frilled lizards
  5 kobolds
  7 rats
49 creatures vanquished.

Vanquished Creatures (others)
  229 foxfires
229 creatures vanquished.

Grand Total: 278 creatures vanquished

Notes
Turn   | Place    | Note
-------+----------+-------------------------------------------
     0 | D:1      | Arthanis the Deep Elf Fire Elementalist began the quest for
                  | the Orb.
     0 | D:1      | Reached XP level 1. HP: 10/10 MP: 6/6
   285 | D:1      | Reached XP level 2. HP: 15/15 MP: 5/8
  1135 | D:1      | Reached skill level 4 in Fire Magic
  1370 | D:2      | Reached XP level 3. HP: 19/19 MP: 3/10
  1451 | D:2      | Noticed Sigmund
  1844 | D:3      | Learned a level 3 spell: Conjure Flame
  1924 | D:3      | Noticed Natasha
  1928 | D:3      | Killed Natasha
  2012 | D:3      | Reached XP level 4. HP: 24/24 MP: 7/11
  2024 | D:3      | Learned a level 4 spell: Sticky Flame
  2402 | D:3      | Found a snail-covered altar of Cheibriados.
  2549 | D:3      | You fall into a shaft and drop 3 floors!
  2619 | D:6      | Noticed a phantom
  2634 | D:6      | Reached skill level 5 in Fire Magic
  2636 | D:6      | Reached XP level 5. HP: 26/28 MP: 6/13
  2653 | D:6      | Noticed an orc warrior
  2654 | D:5      | Entered Level 5 of the Dungeon
  2669 | D:5      | Noticed a centaur
  2670 | D:5      | Slain by a white imp

Illustrated notes

Levels and vault maps discovered:
D:1:      dpeg_arrival_refuge, layout_loops_ring
D:2:      layout_loops_ring, kiku_gazebo_garden_becter, elyvilon_altar_3,
          grunt_qazlal_clouds, st_stairs_8, uniq_sigmund, uniq_robin
D:3:      layout_loops_corners, old_standard_altar,
          nemelex_xobeh_ov_fountains_minmay, uniq_natasha
D:5:      layout_cave_pools, kennysheep_slug_shrine
D:6:      layout_rooms, temple_statues, minivault_1

Skill      XL: |  1  2  3  4 |
---------------+-------------+-----
Fire Magic     | 4 5 |  5.0
Conjurations   | 2 |  2.8
Spellcasting   | 4 |  4.3
Dodging        | |  2.4
Stealth        | |  2.4

Action                   |  1- 3 |  4- 6 || total
-------------------------+-------+-------++-------
Melee: Unarmed           |     6 |       ||     6
       Spear             |     2 |       ||     2
       Whip              |       |     1 ||     1
 Cast: Foxfire           |   105 |    43 ||   148
  Use: Potion            |       |     1 ||     1
 Stab: Sleeping          |     1 |       ||     1
Armor: Robe              |     3 |     4 ||     7
Dodge: Dodged            |    12 |    25 ||    37
